 Dungeon Crawl Stone Soup version 0.27-a0-216-g1fbed8a51c (webtiles) character file.

Game seed: 18109058704401339306

10 iamserjio the Skirmisher (level 2, 7/29 HPs)
             Began as a Gnoll Abyssal Knight on Jan 31, 2021.
             Was a Follower of Lugonu.
             Quit the game on level 2 of the Dungeon.
             The game lasted 00:01:28 (349 turns).

iamserjio the Skirmisher (Gnoll Abyssal Knight)      Turns: 349, Time: 00:01:28

Health: 7/29       AC:  7    Str: 11    XL:     2   Next: 20%
Magic:  5/5        EV: 11    Int: 11    God:    Lugonu [*.....]
Gold:   36         SH:  0    Dex: 11    Spells: 1/1 levels left

rFire    . . .     SeeInvis .   a - +1 falchion
rCold    + . .     Faith    .   (no shield)
rNeg     . . .     Spirit   .   e - +0 ring mail
rPois    .         Reflect  .   (no helmet)
rElec    .         Harm     .   (no cloak)
rCorr    .         Rampage  .   (no gloves)
Will     .....                  j - +0 pair of boots
Stlth    +.........             (no amulet)
HPRegen  0.09/turn              d - ring of protection from cold
MPRegen  0.09/turn              (no ring)

@: brilliant, lethally poisoned (7 -> -1)
A: distributed training, fangs 1, strong nose
a: Renounce Religion, Depart the Abyss


You were on level 2 of the Dungeon.
You worshipped Lugonu.
Lugonu was aware of your devotion.
You visited 1 branch of the dungeon, and saw 2 of its levels.
You visited the Abyss 1 time.

You collected 36 gold pieces.

Inventory:

Hand Weapons
 a - a +1 falchion (weapon)
Missiles
 c - 23 arrows
 f - 8 boomerangs
Armour
 b - a +0 leather armour
 e - a +0 ring mail (worn)
 j - a +0 pair of boots (worn)
Jewellery
 d - a ring of protection from cold (left hand)
 l - an uncursed ring of fire {unknown}
Scrolls
 g - 2 scrolls of random uselessness {unknown}
 h - 2 scrolls of teleportation {unknown}
 i - a scroll of remove curse {unknown}


   Skills:
 + Level 6.4 Fighting
 + Level 0.3 Short Blades
 + Level 4.4 Long Blades
 + Level 0.3 Axes
 + Level 0.3 Maces & Flails
 + Level 0.3 Polearms
 + Level 0.3 Staves
 + Level 0.3 Slings
 + Level 0.3 Bows
 + Level 0.3 Crossbows
 + Level 0.3 Throwing
 + Level 4.4 Armour
 + Level 2.4 Dodging
 + Level 0.3 Stealth
 + Level 0.3 Shields
 + Level 0.3 Unarmed Combat
 + Level 0.3 Spellcasting
 + Level 0.2 Conjurations
 + Level 0.2 Hexes
 + Level 0.2 Summonings
 + Level 0.2 Necromancy
 + Level 0.2 Translocations
 + Level 0.2 Transmutations
 + Level 0.2 Fire Magic
 + Level 0.2 Ice Magic
 + Level 0.2 Air Magic
 + Level 0.2 Earth Magic
 + Level 0.2 Poison Magic
 + Level 4.5 Invocations
 + Level 0.3 Evocations


You had one spell level left.
You didn't know any spells.
Your spell library was empty.

Dungeon Overview and Level Annotations

Branches:
Dungeon (2/15)

Altars:


Innate Abilities, Weirdness & Mutations

Your experience applies equally to all skills.
You have very sharp teeth.
Your uncanny sense of smell can sniff out nearby items.


Message History

The adder poisons you!
You miss the adder.
You feel sick. The adder bites you but does no damage.
The adder barely misses you.
You hit the adder.
You feel sick.
A kobold comes into view. It is wielding a +0 short sword.
The adder bites you but does no damage.
You completely miss the adder.
The kobold shouts!
The adder bites you. x2
You are more poisoned.
The adder poisons you! The adder completely misses you.
You barely miss the adder. You bite the adder, but do no damage.
You feel sick.
The adder bites you. x2; The adder closely misses you.
You feel sick.
You feel sick. The adder bites you.
* * * LOW HITPOINT WARNING * * *
It was a potion of brilliance.
You feel clever all of a sudden.
* * * LOW HITPOINT WARNING * * *
You feel sick. The adder bites you but does no damage.

####### #.....# ..
#.?...# ...... #.....###
...... #.......##
#.....######.........
..........#.........
######........#.........
.
#............@#.........
..
+............SS.........
..
#...........#######.....
.. #.........#.# ....#
..##.........#.# ...#
...(.........#<# ...
....######.#.#### ∆ ...
..................
...##....#.#.####?


You could see 2 adders.

Vanquished Creatures
  A dart slug (D:1)
  A bat (D:1)
  A goblin (D:1)
  2 hobgoblins (D:1)
  3 frilled lizards
8 creatures vanquished.

Notes
Turn   | Place    | Note
-------+----------+-------------------------------------------
     0 | Abyss:1  | iamserjio the Gnoll Abyssal Knight began the quest for the
                  | Orb.
     0 | Abyss:1  | Reached XP level 1. HP: 23/23 MP: 3/3
     4 | Abyss:1  | Found a corrupted altar of Lugonu.
    10 | D:1      | Escaped the Abyss
   231 | D:1      | Reached XP level 2. HP: 29/29 MP: 5/5
   349 | D:2      | Quit the game

Illustrated notes

Levels and vault maps discovered:
D:1:      sevenhm_arrival_forest_fort_large_3, layout_loops_ring,
          minmay_misc_feat_rugged, serial_bayou_pond_a
D:2:      layout_basic

Action                   || total
-------------------------++-------
Melee: Falchion          ||    36
       Bite              ||     1
  Use: Potion            ||     1
Armor: Leather armour    ||     4
       Ring mail         ||    11
Dodge: Dodged            ||    24
       Rpst.: Falchion   ||     5

Table legend: (Time is in decaauts)
 A = Elapsed time spent in this place.
 B = Non-inter-level travel time spent in this place.
 C = Inter-level travel time spent in this place.
 D = Time resting spent in this place.
 E = Time spent auto-exploring this place.
 F = Levels seen in this place.
 G = Mean time per level.
                   A        B        C        D        E       F      G
               +--------+--------+--------+--------+--------+-----+--------+
         Total |    351 |    278 |     73 |      0 |      0 |   3 |  117.0 |
       Dungeon |    341 |    268 |     73 |      0 |      0 |   2 |  170.5 |
         Abyss |     10 |     10 |      0 |      0 |      0 |   1 |   10.0 |
               +--------+--------+--------+--------+--------+-----+--------+

Top non-repeatable levels by time:
     D:1: 299 daAuts
     D:2: 41 daAuts
 Abyss:1: 10 daAuts
